 Dungeon Crawl Stone Soup version 0.32-a0-131-g9dbbe29261 (webtiles) character file.

Game seed: 12222099495099734411

32 kae the Changeling (level 3, -2/39 HPs)
             Began as a Demonspawn Shapeshifter on Feb 8, 2024.
             Killed by an exploding orc (7 damage)
             ... ignited by their inner flame
             ... on level 2 of the Dungeon.
             The game lasted 00:00:42 (1598 turns).

kae the Changeling (Demonspawn Shapeshifter)        Turns: 1598, Time: 00:00:43

Health: -2/39      AC: 21    Str: 14    XL:     3   Next: 10%
Magic:  12/12      EV:  2    Int: 10    God:
Gold:   104        SH:  0    Dex: 14    Spells: 2/2 levels left

rFire   . .          .
                       - Unarmed
rCold   . . .        (no shield)
rNeg    . . .        a - melded +0 animal skin
rPois   +            (helmet currently unavailable)
rElec   .            (cloak currently unavailable)
rCorr   .            (gloves currently unavailable)
SInv    .            (boots currently unavailable)
Will    .....        (no amulet)
Stlth   +            W - ring of magical power
HPRegen 0.26/turn    (no ring)
MPRegen 0.13/turn

%: no passive effects
@: lethally poisoned (-2 -> -3), tree-form
A: stationary, stasis, torment immunity, boosted hp, ignite blood 1, (weakness
stinger 1)
a: no special abilities


You were on level 2 of the Dungeon.
You were a tree.
You visited 1 branch of the dungeon, and saw 3 of its levels.

You collected 104 gold pieces.


Innate Abilities, Weirdness & Mutations

You are a tree.
Your roots penetrate the ground, keeping you stationary.
You cannot be teleported.
You are immune to unholy pain and torment.
Your maximum health is greatly increased.
Your equipment is partially melded.
Your demonic aura sometimes causes spilled blood to erupt in flames.
((You have a small tail.))


   Skills:
 - Level 1.0 Fighting
 - Level 1.7 Dodging
 + Level 3.1 Unarmed Combat
 * Level 3.4 Shapeshifting


You had 2 spell levels left.
You didn't know any spells.
Your spell library contained the following spells:

 Spells                   Type           Power      Damage    Failure   Level
 Lesser Beckoning         Tloc           0%         N/A       50%         2
 Gell's Gravitas          Tloc           0%         N/A       75%         3
 Teleport Other           Tloc           0%         N/A       75%         3

Inventory:

Missiles
 f - 6 stones (quivered)
 i - 5 javelins
 k - 2 poisoned darts
 l - a throwing net {=f!f}
Armour
 a - a +0 animal skin (melded)
Jewellery
 W - a ring of magical power (left branch)
   (You found it on level 1 of the Dungeon)
Talismans
 c - a beast talisman
 d - a flux talisman
Scrolls
 h - 2 scrolls of identify {unknown}
Potions
 j - a potion of cancellation {unknown}
 n - a potion of resistance {unknown}

Dungeon Overview and Level Annotations

Branches:
Dungeon (3/15) Zot: 16405

Altars:

#............#####...####.......#
#.#..#.##......#......# ##.)....#
.....#.##.##.#.#.####.# ###...##
....##.......#.#.####.# #...#
#.#######.##........#.# #...# #.#
#.####.#.##>#.# #...# ..#
###......ยงยงo.o..# #...## .##
#.....#.##ยง#.#..######..... .#
#....>#.##โ™ฃ#.#............. .#
#..........#.#............. .#
#...<.#.#.................. .#
#.....#.#.##.#.#######...## ##
#######......#.# #....... #
###.#....# #.#.#.#. # #.#.##.#
###.#...#. ###############.#.##.#
#.......#. ..............#......#
#.#.#...#.


You could see an orc wizard (inner flame).


Message History

Your hp is fully restored (26).
No target in view!
No target in view!
m - a scroll labelled XEALOSY YTTOSS No target in view!
No target in view!
You now have 104 gold pieces (gained 10).
Found an escape hatch in the ceiling.
Found a stone staircase leading down.
No target in view!
No target in view!
n - a coppery potion Key pressed, stopping explore.
No target in view!
No target in view!
Found a stone staircase leading up.
No target in view!
No target in view!
There is a stone staircase leading up here.
Done exploring.
No target in view!
No target in view!
Done exploring.
Done exploring.
No target in view!
No target in view!
Done exploring.
No target in view!
No target in view!
Done exploring.
There is a stone staircase leading down here.
You climb downwards.
There is a stone staircase leading up here.
There are monsters nearby!
As you read the scroll labelled CEOPLY PAOHIQU, it crumbles to dust.
The creatures around you are filled with an inner flame!
It was a scroll of immolation.
Unknown command.
As you read the scroll labelled KUG TIOTWUTEPT, it dissolves into smoke.
It was a scroll of fog.
Unknown command.
As you read the scroll labelled XEALOSY YTTOSS, it crumbles to dust.
It is a scroll of amnesia.
You feel forgetful for a moment.
The orc wizard shouts!
You hear a shout!
The orc wizard barely misses you.
The orc hits you with a +0 hand axe. ๐Ÿ˜• HP[-5]
You take 5 damage, and now have 21/26 hp.
You closely miss the orc wizard.
Your tail-slap misses the orc wizard.
An orc comes into view. It is wielding a +0 dagger.
The orc wizard points at you and mumbles some strange words.
The puff of flame misses you.
You hit the orc wizard but do no damage.
You tail-slap the orc wizard, but do no damage.
You hit the orc wizard but do no damage.
The orc wizard casts a spell at you. You resist with significant effort.
The orc hits you with a +0 hand axe.
You are too injured to fight recklessly! ๐Ÿ˜ฎ HP[-3]
You take 3 damage, and now have 18/26 hp.
You are too injured to fight recklessly!
You are too injured to fight recklessly!
Unknown command.
The orc barely misses you.
The orc wizard hits you with a +1 dagger of venom.
You are poisoned.
The orc barely misses you.
You climb upwards.
You feel very sick.
There is a stone staircase leading down here. ๐Ÿ˜จ HP[-7]
You take 7 damage, and now have 11/26 hp.
MASSIVE DAMAGE!! (PAUSE)
You feel sick. ๐Ÿ˜จ HP[-1]
You take 1 damage, and now have 10/26 hp.
You feel sick. The orc hits you with a +0 hand axe.
* * * LOW HITPOINT WARNING * * *
๐Ÿ˜จ HP[-3]
You take 3 damage, and now have 7/26 hp.
You feel sick.
You feel sick. ๐Ÿ˜ฑ HP[-1]
You take 1 damage, and now have 6/26 hp.
Okay, then.
Unknown command.
Your transformation has ended.
You turn into a tree.
Your +0 animal skin melds into your body.
Your roots penetrate the ground.
You feel sick. The orc hits you with a +0 hand axe.
* * * LOW HITPOINT WARNING * * *
๐Ÿ˜ฑ HP[-1]
You now have 39 max hp (+13).
You closely miss the orc.
You feel sick. The orc hits you but does no damage.
You smack the orc!
The orc explodes!
The fiery explosion engulfs the orc!!!
You kill the orc!
The fiery explosion engulfs you!
You die...

Skill      XL: |  1  2 |
---------------+-------+-----
Shapeshifting  | 3 |  3.4
Unarmed Combat | 3 |  3.1
Fighting       | |  1.0
Dodging        | |  1.7

Action                     || total
---------------------------++-------
  Melee: Unarmed           ||    53
         Punch             ||     3
         Tailslap          ||     9
    Use: Scroll            ||     3
         Potion            ||     1
   Stab: Sleeping          ||     1
 Armour: Animal skin       ||    28
         Skin              ||     3
  Dodge: Dodged            ||    23

Levels and vault maps discovered:
D:1:      minmay_arrival_four_houses, layout_loops_corners,
          minmay_misc_feat_plants
D:2:      layout_loops_cross
D:3:      layout_basic, lemuel_doored_altar, mainiacjoe_overflow_24_doors,
          uniq_sigmund, uniq_terence, uniq_grinder

Notes
Turn   | Place    | Note
-------+----------+-------------------------------------------
     0 | D:1      | kae the Demonspawn Shapeshifter began the quest for the
                  | Orb.
     0 | D:1      | Reached XP level 1. HP: 15/15 MP: 1/1
     0 | D:1      | magus.rc [v1.11.3]
   317 | D:1      | Reached skill level 3 in Shapeshifting
   367 | D:1      | You feel monstrous as your demonic heritage exerts itself.
   367 | D:1      | Discovered your monstrous ancestry.
   367 | D:1      | Gained mutation: You have a small tail. [demonic ancestry]
   367 | D:1      | Reached XP level 2. HP: 14/21 MP: 2/2
   864 | D:1      | Reached skill level 3 in Unarmed Combat
   999 | D:2      | You pick up a book of Displacement and begin reading...
   999 | D:2      | You add the spells Lesser Beckoning, Gell's Gravitas and
                  | Teleport Other to your library.
  1328 | D:2      | Gained mutation: Your demonic aura sometimes causes spilled
                  | blood to erupt in flames. [demonic ancestry]
  1328 | D:2      | Reached XP level 3. HP: 25/26 MP: 3/3
  1595 | D:2      | HP: 6/26 [poisoned by an orc wizard]
  1598 | D:2      | Killed by an exploding orc... ignited by their inner flame

Vanquished Creatures
  An adder (D:2)
  2 orcs (D:2)
  2 bats
  2 endoplasms (D:1)
  A giant cockroach (D:1)
  3 hobgoblins
  2 jackals (D:1)
  A kobold (D:1)
  2 quokkas
  A ball python (D:2)
  3 frilled lizards (D:1)
  2 goblins
  2 rats
24 creatures vanquished.

Table legend:
 A = Non-vault XP
 B = Vault XP
 C = Vault XP percentage of total XP
 D = Non-vault monster count
 E = Vault monster count
 F = Vault count percentage of total count
                 A         B        C        D         E       F
            +---------+---------+-------+---------+---------+-------
      Total |      53 |       0 |   0.0 |      24 |       0 |   0.0
            +---------+---------+-------+---------+---------+-------
        D:1 |      25 |       0 |   0.0 |      15 |       0 |   0.0
        D:2 |      28 |       0 |   0.0 |       9 |       0 |   0.0
            +---------+---------+-------+---------+---------+-------

Skill      XL: |  1  2 |
---------------+-------+-----
Shapeshifting  | 3 |  3.4
Unarmed Combat | 3 |  3.1
Fighting       | |  1.0
Dodging        | |  1.7

Action                     || total
---------------------------++-------
  Melee: Unarmed           ||    53
         Punch             ||     3
         Tailslap          ||     9
    Use: Scroll            ||     3
         Potion            ||     1
   Stab: Sleeping          ||     1
 Armour: Animal skin       ||    28
         Skin              ||     3
  Dodge: Dodged            ||    23

Illustrated notes

Table legend:
 A = Kills in this place as a percentage of kills in the entire game.
 B = Kills by you in this place as a percentage of kills by you in the entire game.
 C = Kills by friends in this place as a percentage of kills by friends in the entire game.
 D = Other kills in this place as a percentage of other kills in the entire game.
 E = Experience gained in this place as a percentage of experience gained in the entire game.
 F = Experience gained in this place divided by the number of levels of this place that you have seen.
                   A       B       C       D       E      F
               +-------+-------+-------+-------+-------+----------------------
         Total | 100.0 | 100.0 |   N/A |   N/A | 100.0 |  17.7
       Dungeon | 100.0 | 100.0 |   N/A |   N/A | 100.0 |  17.7
               +-------+-------+-------+-------+-------+----------------------

Table legend: (Time is in decaauts)
 A = Elapsed time spent in this place.
 B = Non-inter-level travel time spent in this place.
 C = Inter-level travel time spent in this place.
 D = Time resting spent in this place.
 E = Time spent auto-exploring this place.
 F = Levels seen in this place.
 G = Mean time per level.
                   A        B        C        D        E       F      G
               +--------+--------+--------+--------+--------+-----+--------+
         Total |   1594 |   1536 |     58 |      0 |   1387 |   3 |  531.3 |
       Dungeon |   1594 |   1536 |     58 |      0 |   1387 |   3 |  531.3 |
               +--------+--------+--------+--------+--------+-----+--------+

Top non-repeatable levels by time:
     D:1: 885 daAuts
     D:2: 701 daAuts
     D:3: 7 daAuts
